 Dungeon Crawl Stone Soup version 0.26.0-10-g1f06aea511 (webtiles) character file.

Game seed: 1319285122207414538

8530 Borgoz the Carver (level 11, -7/79 HPs)
             Began as a Ghoul Gladiator on Jan 13, 2021.
             Was a Follower of Ashenzari.
             Mangled by a cyan ugly thing (15 damage)
             ... on level 10 of the Dungeon.
             The game lasted 00:18:59 (14107 turns).

Borgoz the Carver (Ghoul Gladiator)                Turns: 14107, Time: 00:18:59

Health: -7/79      AC: 11    Str: 27    XL:     11   Next: 32%
Magic:  10/10      EV: 18    Int:  3    God:    Ashenzari [*.....]
Gold:   427        SH:  5    Dex: 17    Spells: 5/10 levels left

rFire    . . .     SeeInvis .   a - +3 scimitar
rCold    + . .     Faith    .   (no shield)
rNeg     + + +     Spirit   .   m - +2 troll leather armour {Snorg}
rPois    ∞         Reflect  +   c - +0 helmet
rElec    .         Harm     .   s - +0 cloak
rCorr    .         Rampage  .   (no gloves)
Will     .....                  e - +0 pair of boots
Stlth    +.........             h - amulet of reflection
HPRegen  0.00/turn              p - +6 ring of strength
MPRegen  0.12/turn              A - +6 ring of dexterity

@: no status effects
A: claws 1, cold resistance 1, negative energy resistance 3, inhibited
regeneration, torment resistance, unbreathing
a: Renounce Religion, Curse Item, Scrying


You were on level 10 of the Dungeon.
You worshipped Ashenzari.
Ashenzari was aware of your devotion.
You visited 2 branches of the dungeon, and saw 12 of its levels.
You also visited: Bailey.

You collected 776 gold pieces.
You spent 349 gold pieces at shops.

Inventory:

Hand Weapons
 a - a +3 scimitar (weapon)
 b - a +2 long sword
Armour
 c - a +0 helmet (worn)
 e - a +0 pair of boots (worn)
 m - a +2 troll leather armour (worn) {Snorg}
 s - a +0 cloak (worn)
 w - a +0 leather armour of cold resistance
 B - a +1 leather armour of fire resistance
Jewellery
 f - an uncursed ring of flight
 h - an amulet of reflection (around neck)
 p - a +6 ring of strength (left claw)
 u - a +6 ring of intelligence
 v - an uncursed ring of fire
 A - a +6 ring of dexterity (right claw)
Wands
 y - a wand of iceblast (8)
 z - a wand of acid (8)
 C - a wand of flame (20)
Scrolls
 k - 4 scrolls of remove curse
 r - a scroll of identify
 t - a scroll of fog {unknown}
 x - 5 scrolls of teleportation
 D - a scroll of fear
Potions
 g - 3 potions of brilliance
 i - 4 potions of might
 j - 4 potions of flight
 n - 2 potions of curing
 o - a potion of cancellation
 q - a potion of haste


   Skills:
 - Level 2.1 Fighting
 * Level 11.4 Long Blades
 - Level 1.7 Throwing
 + Level 7.9 Armour
 + Level 8.4 Dodging


You had 5 spell levels left.
You knew the following spells:

 Your Spells              Type           Power        Failure   Level
a - Confusing Touch       Hex            0%           90%         3
b - Blink                 Tloc           N/A          71%         2

Your spell library contained the following spells:

 Spells                   Type           Power        Failure   Level
 Animate Skeleton         Necr           0%           56%         1
 Apportation              Tloc           0%           56%         1
 Corona                   Hex            0%           56%         1
 Magic Dart               Conj           0%           56%         1
 Summon Small Mammal      Summ           0%           56%         1
 Call Imp                 Summ           0%           71%         2
 Slow                     Hex            0%           71%         2
 Conjure Flame            Conj/Fire      0%           90%         3
 Gell's Gravitas          Tloc           0%           90%         3
 Mephitic Cloud           Conj/Pois/Air  0%           90%         3
 Petrify                  Tmut/Erth      0%           100%        4
 Metabolic Englaciation   Hex/Ice        0%           100%        5
 Yara's Violent Unravell  Hex/Tmut       0%           100%        5


Dungeon Overview and Level Annotations

Branches:
Dungeon (11/15)            Temple (1/1) D:7            Lair (0/6) D:10
    Orc (0/2) D:9          Bailey (visited)

Altars:
Ashenzari
Cheibriados
Dithmenos
Elyvilon
Fedhas
Gozag
Hepliaklqana
Kikubaaqudgha
Makhleb
Nemelex Xobeh
Okawaru
Qazlal
Ru
Sif Muna
Trog
Uskayaw
Vehumet
Wu Jian
Xom
Yredelemnul
Zin
The Shining One
Lugonu

Shops:
D:7 *(*[*   D:11 [


Innate Abilities, Weirdness & Mutations

You thrive by killing the living.
You are immune to poison.
You have sharp fingernails.
Your flesh is cold resistant. (rC+)
You are immune to negative energy. (rN+++)
You do not regenerate when monsters are visible.
You are immune to unholy pain and torment.
You can survive without breathing.


Message History

The cyan ugly thing is almost dead.
The cyan ugly thing completely misses you.
You hit the cyan ugly thing but do no damage.
The cyan ugly thing is almost dead.
You closely miss the cyan ugly thing.
The cyan ugly thing is almost dead.
The cyan ugly thing punches you but does no damage.
You hit the cyan ugly thing.
The cyan ugly thing is almost dead.
The cyan ugly thing punches you! The cyan ugly thing shocks you!
* * * LOW HITPOINT WARNING * * *
You barely miss the cyan ugly thing.
The cyan ugly thing is almost dead.
The cyan ugly thing misses you.
You hit the cyan ugly thing but do no damage.
The cyan ugly thing is almost dead.
The cyan ugly thing punches you.
* * * LOW HITPOINT WARNING * * *
The cyan ugly thing shocks you!
You die...

######## ###################
.......# #..................
######.# #u..#######........ #.#
#.@.# #........ #.# #...#
#....[).. ######.# #...#
#......). .......#
#..(#######........
.......########...<..............
#####.......................#####
# #.......................# #
#...########............# # #...#
#............#####


You could see a cyan ugly thing.

Vanquished Creatures
  Snorg (D:10)
  Pikel (D:8)
  Joseph (D:8)
  A gargoyle (D:10)
  A komodo dragon (D:10)
  A troll (D:9)
  A hornet (D:8)
  Prince Ribbit (D:8)
  Sigmund (D:6)
  6 yaks
  A wyvern (D:10)
  Grum (D:9)
  Edmund (D:4)
  Menkaure (D:5)
  A water moccasin (D:10)
  2 phantoms
  2 black bears (D:9)
  3 orc warriors (Bailey)
  4 sky beasts
  An ice beast (D:7)
  A hornet zombie (D:10)
  2 wolves (D:9)
  4 ogres
  5 centaurs
  A lemure (D:8)
  A big kobold (D:10)
  Blork the orc (D:4)
  2 bullfrogs (D:10)
  3 wights (D:8)
  2 howler monkeys
  A bullfrog zombie (D:10)
  A hound (D:7)
  3 jellies
  2 quasits
  A centaur zombie (D:9)
  3 orc priests
  17 orc wizards
  3 bullfrog skeletons
  4 centaur skeletons
  4 iguanas
  3 worker ants
  A hound zombie (D:5)
  A hound skeleton (D:7)
  A howler monkey zombie (D:5)
  5 gnolls
  14 adders
  A howler monkey skeleton (D:6)
  A shadow imp (D:5)
  2 white imps (D:10)
  An ooze (D:2)
  An adder skeleton (D:9)
  4 worms
  A dart slug (D:2)
  7 leopard geckos
  40 orcs
  6 giant cockroaches
  11 goblins
  7 hobgoblins
  14 jackals
  4 quokkas
  13 bats
  5 frilled lizards
  22 kobolds
  A quokka skeleton (D:3)
  6 rats
265 creatures vanquished.

Vanquished Creatures (others)
  An unseen horror (D:10)
  2 plants (D:11)
3 creatures vanquished.

Grand Total: 268 creatures vanquished

Notes
Turn   | Place    | Note
-------+----------+-------------------------------------------
     0 | D:1      | Borgoz the Ghoul Gladiator began the quest for the Orb.
     0 | D:1      | Reached XP level 1. HP: 17/17 MP: 0/0
    66 | D:1      | Reached skill level 3 in Long Blades
    66 | D:1      | Reached XP level 2. HP: 15/24 MP: 1/1
   565 | D:1      | Reached XP level 3. HP: 25/29 MP: 2/2
   567 | D:1      | Reached skill level 1 in Armour
  1807 | D:2      | Found a hazy altar of Hepliaklqana.
  1849 | D:2      | Reached XP level 4. HP: 26/36 MP: 3/3
  2247 | D:2      | Found a faded altar of an unknown god.
  2692 | D:3      | Found a basalt altar of Yredelemnul.
  2967 | D:3      | Reached skill level 4 in Long Blades
  2970 | D:3      | Reached XP level 5. HP: 29/41 MP: 4/4
  4099 | D:4      | Noticed Blork the orc
  4110 | D:4      | Killed Blork the orc
  4111 | D:4      | Reached XP level 6. HP: 26/48 MP: 5/5
  4633 | D:4      | Noticed Edmund
  4652 | D:4      | Killed Edmund
  4653 | D:4      | Reached skill level 5 in Long Blades
  4865 | D:4      | Found a shadowy altar of Dithmenos.
  4865 | D:4      | Found a burning altar of Makhleb.
  4911 | D:5      | Entered Level 5 of the Dungeon
  4914 | D:5      | Noticed Menkaure
  4918 | D:5      | Killed Menkaure
  4919 | D:5      | Reached XP level 7. HP: 55/55 MP: 6/6
  5720 | D:5      | Reached skill level 6 in Long Blades
  5893 | D:5      | Found a snail-covered altar of Cheibriados.
  6059 | D:6      | Reached XP level 8. HP: 35/61 MP: 7/7
  6362 | D:6      | Noticed Sigmund
  6451 | D:6      | Killed Sigmund
  6452 | D:6      | Reached skill level 5 in Dodging
  6550 | D:6      | Reached skill level 7 in Long Blades
  7297 | D:6      | Found a broken altar of Ashenzari.
  7310 | D:6      | Became a worshipper of Ashenzari the Shackled
  7614 | D:7      | Found Yxkatup's Assorted Antiques.
  7619 | D:7      | Bought a smoky yellow potion for 23 gold pieces
  7619 | D:7      | Bought a white potion for 23 gold pieces
  7619 | D:7      | Bought a scroll labelled HAPTUENUBE for 26 gold pieces
  7619 | D:7      | Bought a fizzy golden potion for 23 gold pieces
  7619 | D:7      | Bought a scroll labelled XIYTSUU LAYGI for 26 gold pieces
  8113 | D:7      | Found a staircase to the Ecumenical Temple.
  8292 | D:7      | Found Kojyhimu's General Store.
  8325 | D:7      | Found Burghus's Assorted Antiques.
  8328 | D:7      | Bought a green potion for 17 gold pieces
  8328 | D:7      | Bought a sapphire potion for 17 gold pieces
  8328 | D:7      | Bought a scroll of identify for 38 gold pieces
  8347 | D:7      | Found Cemon's Antique Weapon Shoppe.
  8355 | D:7      | Reached XP level 9. HP: 27/67 MP: 8/8
  8364 | D:7      | Bought a glowing falchion for 156 gold pieces
  8604 | D:7      | Reached skill level 5 in Armour
  8682 | D:7      | Found a stormy altar of Qazlal.
  8787 | Temple   | Entered the Ecumenical Temple
  8924 | D:7      | Found Veppa's Antique Armour Emporium.
  9000 | D:8      | Found an opulent altar of Gozag.
  9000 | D:8      | Found a radiant altar of Vehumet.
  9000 | D:8      | Found a hide-covered altar of Uskayaw.
  9006 | D:8      | Reached skill level 8 in Long Blades
  9088 | D:8      | Noticed a hornet
  9103 | D:8      | Killed a hornet
  9412 | D:8      | Noticed Pikel
  9435 | D:8      | Killed Pikel
  9536 | D:8      | Learned a level 2 spell: Blink
  9550 | D:8      | Reached skill level 9 in Long Blades
  9557 | D:8      | Noticed Prince Ribbit
  9567 | D:8      | Killed Prince Ribbit
  9762 | D:8      | Noticed Joseph
  9774 | D:8      | Killed Joseph
  9775 | D:8      | Reached XP level 10. HP: 58/73 MP: 9/9
 10308 | D:9      | Noticed Grum
 10323 | D:9      | Killed Grum
 10566 | D:9      | Reached skill level 10 in Long Blades
 11541 | D:9      | Found a sacrificial altar of Ru.
 11911 | D:9      | Found a staircase to the Orcish Mines.
 12048 | D:9      | Reached * piety under Ashenzari
 12231 | D:9      | Learned a level 3 spell: Confusing Touch
 12405 | D:10     | Entered Level 10 of the Dungeon
 12463 | D:10     | Found a staircase to the Lair.
 12505 | D:10     | Found a flagged portal.
 12595 | D:10     | Noticed a gargoyle
 12619 | D:10     | Killed a gargoyle
 12819 | Bailey   | Entered a bailey
 13062 | Bailey   | Reached XP level 11. HP: 79/79 MP: 10/10
 13183 | Bailey   | Reached skill level 11 in Long Blades
 13213 | Bailey   | Found a bloodstained altar of Trog.
 13423 | D:10     | Noticed Snorg
 13439 | D:10     | Killed Snorg
 13605 | D:10     | Killed an unseen horror
 14056 | D:11     | Noticed a cyan ugly thing
 14057 | D:11     | Found Pusm's Antique Armour Boutique.
 14107 | D:10     | Mangled by a cyan ugly thing

Illustrated notes

Levels and vault maps discovered:
D:1:      roderic_chinese_lattice_arrival, layout_basic, serial_corexii_hall,
          chequers_hall_statues_y, chequers_hall_statues_wall_a,
          corexii_hall_statues_t, corexii_hall_statues_l
D:2:      layout_loops_corners, lemuel_doored_altar,
          chequers_ecumenical_altar_simple
D:3:      layout_basic, old_standard_altar
D:4:      layout_loops_ring, gammafunk_temple_overflow_wave, uniq_blork_the_orc,
          uniq_edmund
D:5:      minmay_evil_eye, layout_cave_pools, lemuel_crystal_altar,
          uniq_menkaure
D:6:      layout_loops_cross, marbit_many_paths, uniq_sigmund
D:7:      layout_basic, lemuel_coloured_pillars_altar,
          minmay_temple_entry_wispy, serial_shops, nicolae_shop_trees, shop,
          kennysheep_mini_moat, shop, shop_fountains
D:8:      layout_basic, chequers_temple_overflow_statue_of_worship,
          uniq_prince_ribbit1, uniq_joseph, uniq_pikel
D:9:      layout_irregular_city, kennysheep_little_box, orc_0_dummy,
          hangedman_decor_push, uniq_grum
D:10:     layout_small_grid, lair_entry_dummy, enter_bailey_2, uniq_snorg
D:11:     layout_basic, serial_shops, shop, basic_altar, worms_lemuel
Temple:   kb_corrupted_temple

Skill      XL: |  1  2  3  4  5  6  7  8  9 10 11 |
---------------+----------------------------------+-----
Long Blades    | 3 4 5 6 7 9 10 11 | 11.4
Armour         | 1 2 3 4 6 7 |  7.9
Dodging        | 3 4 5 6 8 |  8.4
Fighting       | |  2.1
Throwing       | |  1.7

Action                   |  1- 3 |  4- 6 |  7- 9 | 10-12 || total
-------------------------+-------+-------+-------+-------++-------
Melee: Long sword        |   106 |   177 |   248 |       ||   531
       Scimitar          |       |       |    56 |   369 ||   425
Throw: Throwing net      |       |     2 |     3 |     5 ||    10
  Use: Scroll            |       |     7 |    11 |     3 ||    21
       Potion            |       |       |     7 |    10 ||    17
 Stab: Sleeping          |     1 |     1 |       |     1 ||     3
       Held in net/web   |       |     3 |     2 |       ||     5
       Invisible         |       |       |       |     5 ||     5
Armor: Leather armour    |    55 |    29 |    50 |    72 ||   206
       Troll leather arm |       |       |       |    17 ||    17
Dodge: Dodged            |   118 |   124 |   178 |   334 ||   754
Block: Other             |    13 |    32 |    70 |   113 ||   228
       Reflection        |       |       |     3 |    35 ||    38
       Rpst.: Long sword |    41 |    31 |    53 |       ||   125
       Scimitar          |       |       |     7 |    71 ||    78
